 Dungeon Crawl Stone Soup version 0.28.0-1-gb440e238dd (webtiles) character file.

Game seed: 13564808763467831984

2 Snicker the Sneak (level 1, 0/18 HPs)
             Began as a Demonspawn Delver on Feb 22, 2022.
             Slain by a killer bee zombie (4 damage)
             ... on level 6 of the Dungeon.
             The game lasted 00:00:31 (117 turns).

Snicker the Sneak (Demonspawn Delver)                Turns: 117, Time: 00:00:32

Health: 0/18       AC:  3    Str: 12    XL:     1   Next: 25%
Magic:  1/1        EV: 11    Int: 11    God:
Gold:   0          SH:  0    Dex: 14    Spells: 0/0 levels left

rFire   . . .      SeeInvis .   a - +0 short sword
rCold   . . .      Faith    .   (no shield)
rNeg    . . .      Spirit   .   b - +0 leather armour
rPois   .          Reflect  .   (no helmet)
rElec   .          Harm     .   (no cloak)
rCorr   .          Rampage  .   (no gloves)
Will    .....                   (no boots)
Stlth   +++.......              (no amulet)
HPRegen 0.06/turn               (no ring)
MPRegen 0.07/turn               (no ring)

@: no status effects
A: no striking features
a: no special abilities


You were on level 6 of the Dungeon.
You visited 1 branch of the dungeon, and saw 3 of its levels.

Inventory:

Hand Weapons
 a - a +0 short sword (weapon)
Armour
 b - a +0 leather armour (worn)
Wands
 g - a wand of digging (3)
Scrolls
 c - a scroll of fog
 d - a scroll of magic mapping
 e - a scroll of fear
Potions
 f - a potion of haste
 h - a potion of flight {unknown}
 i - a potion of attraction {unknown}


   Skills:
 + Level 3.0 Fighting
 + Level 1.7 Short Blades
 + Level 1.7 Dodging
 + Level 4.6 Stealth


You couldn't memorise any spells.
You didn't know any spells.
Your spell library was empty.

Dungeon Overview and Level Annotations

Branches:
Dungeon (7/15)
 Temple: D:4-7

Altars:

Shops:
D:5 !


Message History

The orc is severely wounded.
The orc hits you with a +0 club.
You hit the orc.
You kill the orc!
Things that are here:
a +0 club; a +0 leather armour; an orc corpse Unknown command.
You start resting.
You hear a distant slurping noise.
A steam dragon comes into view.
i - a pink potion You hear the faint creaking of a very distant portcullis.
There is a stone staircase leading up here.
You climb upwards.
There is a stone staircase leading down here.
Unknown command.
The killer bee zombie hits you.
You completely miss the killer bee zombie.
The killer bee zombie hits you. x2
You hit the killer bee zombie.
The killer bee zombie is lightly damaged.
The killer bee zombie completely misses you.
The killer bee zombie closely misses you.
You hit the killer bee zombie.
The killer bee zombie is lightly damaged.
The killer bee zombie hits you. x2
* * * LOW HITPOINT WARNING * * *
You hit the killer bee zombie.
The killer bee zombie is moderately damaged.
The killer bee zombie hits you but does no damage.
The killer bee zombie closely misses you.
You hit the killer bee zombie.
The killer bee zombie is heavily damaged.
The killer bee zombie hits you.
* * * LOW HITPOINT WARNING * * *
You hit the killer bee zombie.
The killer bee zombie is severely damaged.
The killer bee zombie hits you but does no damage.
The killer bee zombie hits you.
You die...

#............
#............
##.##+##..###
#<...........
##.##.##.....
#...........
#######.##.#######.
.......>...........
.......@#######.##(
.......Z# ........#
........# .$.......
#######.. #.. #...


You could see a killer bee zombie.

Vanquished Creatures
  An orc (D:7)
1 creature vanquished.

Notes
Turn   | Place    | Note
-------+----------+-------------------------------------------
     0 | D:5      | Snicker the Demonspawn Delver began the quest for the Orb.
     0 | D:5      | Reached XP level 1. HP: 18/18 MP: 1/1
    14 | D:5      | Noticed a jelly
    84 | D:7      | Noticed a steam dragon
   117 | D:6      | Slain by a killer bee zombie

Illustrated notes

Levels and vault maps discovered:
D:5:      layout_cave_pools, grunt_temple_overflow_open, xom_confusion_cloud,
          temple_hall, serial_shops, shop, uniq_prince_ribbit1
D:6:      layout_basic, nicolae_overflow_crystal_walls, hangedman_glass_teeth,
          uniq_pikel
D:7:      layout_loops_corners, mainiacjoe_overflow_six_doors_small,
          lemuel_round_altar, enter_bailey_8, minivault_4

Action                   || total
-------------------------++-------
Melee: Short sword       ||    13
Armor: Leather armour    ||     4
Dodge: Dodged            ||     6
